 Dungeon Crawl Stone Soup version 0.24.0-37-gcf1ca852f1 (webtiles) character file.

Game seed: 4363972868872118769, levelgen mode: deterministic

31992 Delamore the Severer (level 13, -5/126 HPs)
             Began as a Hill Orc Fighter on Nov 23, 2019.
             Was the Champion of Okawaru.
             Slain by a dream sheep (7 damage)
             ... led by a torpor snail
             ... on level 5 of the Lair of Beasts.
             The game lasted 00:37:31 (19680 turns).

Delamore the Severer (Hill Orc Fighter)            Turns: 19680, Time: 00:37:32

Health: -5/126     AC: 22    Str: 24      XL:     13   Next: 61%
Magic:  4/4        EV:  6    Int:  6      God:    Okawaru [******]
Gold:   969        SH: 16    Dex: 13 (14) Spells: 12/12 levels left

rFire    + . .     SeeInvis +   s - +8 whip "Odengiv" {venom, MP-9 Dex+4}
rCold    . . .     Gourm    .   c - +0 shield
rNeg     . . .     Faith    .   k - +4 chain mail
rPois    .         Spirit   .   u - +0 helmet
rElec    .         Reflect  +   (no cloak)
rCorr    .         Harm     .   z - +1 pair of gloves "Laluriush" {+Blink}
MR       +....                  L - +0 pair of boots {Stlth+}
Stlth    ..........             N - +6 amulet of reflection
HPRegen  0.31/turn              P - ring of protection from fire
MPRegen  0.09/turn              D - ring of protection from magic

@: no status effects
A: slimy green scales 1, see invisible, deterioration 1, dopey 1, evolution 1
a: Heroism, Finesse, Renounce Religion, Evoke Blink


You were on level 5 of the Lair of Beasts.
You worshipped Okawaru.
Okawaru was exalted by your worship.
You were not hungry.

You visited 3 branches of the dungeon, and saw 17 of its levels.

You collected 1052 gold pieces.
You spent 83 gold pieces at shops.

Inventory:

Hand Weapons
 a - a +0 war axe
 s - the +8 whip "Odengiv" (weapon) {venom, MP-9 Dex+4}
   (You found it on level 6 of the Dungeon)

   It poisons the flesh of those it strikes.
   It affects your dexterity (+4).
   It affects your magic capacity (-9).
 E - a +1 spear of flaming
Missiles
 b - a throwing net
 y - 82 poisoned darts (quivered)
Armour
 c - a +0 shield (worn)
 k - a +4 chain mail (worn)
 u - a +0 helmet (worn)
 z - the +1 pair of gloves "Laluriush" (worn) {+Blink}
   (You found it on level 5 of the Dungeon)

   It lets you blink.
 L - a +0 pair of boots of stealth (worn)
Jewellery
 D - a ring of protection from magic (right hand)
 N - a +6 amulet of reflection (around neck)
 P - a ring of protection from fire (left hand)
Wands
 g - a wand of flame (20)
 h - a wand of random effects (27)
 i - a wand of acid (16)
 r - a wand of clouds (5)
 w - a wand of paralysis (20)
 H - a wand of enslavement (8)
 R - a wand of disintegration (9)
Scrolls
 e - 3 scrolls of fog
 j - 2 scrolls of blinking
 l - a scroll of amnesia
 m - 7 scrolls of teleportation
 n - 4 scrolls of remove curse
 p - 4 scrolls of immolation
 t - 3 scrolls of fear
 A - 5 scrolls of enchant armour
 B - 5 scrolls of noise
 F - 3 scrolls of enchant weapon {unknown}
 J - a scroll of random uselessness {unknown}
 K - a scroll of vulnerability {unknown}
 O - 7 scrolls of identify
Potions
 d - 2 potions of might
 o - 2 potions of ambrosia
 q - 6 potions of curing
 v - 4 potions of flight
 C - 2 potions of haste
 G - a potion of cancellation {unknown}
 I - a potion of magic {unknown}
 M - a potion of brilliance {unknown}
 S - 3 potions of lignification {unknown}
Comestibles
 f - 31 rations
 x - 13 chunks of flesh


   Skills:
 + Level 15.1 Fighting
 - Level 20.6 Axes
 + Level 8.7 Armour
 - Level 3.2 Shields


You had 12 spell levels left.
You didn't know any spells.
Your spell library contained the following spells:

 Spells                   Type           Power        Failure   Level  Hunger
 Shock                    Conj/Air       #...         100%        1    ##.....
 Swiftness                Chrm/Air       #.......     100%        2    ###....
 Static Discharge         Conj/Air       #.......     100%        3    ####...
 Airstrike                Air            #.........   100%        4    #####..
 Lightning Bolt           Conj/Air       #.........   100%        5    ######.


Dungeon Overview and Level Annotations

Branches:
Dungeon (11/15)            Temple (1/1) D:4            Lair (5/6) D:8
 Shoals (0/4) Lair:3       Spider (0/4) Lair:3          Orc (0/2) D:11
  Slime: Lair:5-6

Altars:
Ashenzari
Cheibriados
Dithmenos
Elyvilon
Fedhas
Gozag
Hepliaklqana
Kikubaaqudgha
Makhleb
Nemelex Xobeh
Okawaru
Qazlal
Ru
Sif Muna
Trog
Uskayaw
Vehumet
Wu Jian
Xom
Yredelemnul
Zin
The Shining One
Lugonu

Shops:
D:4 (   D:6 *   D:10 (

Annotations:
D:7 3 runed translucent doors, losten's ghost, amateur DsBe


Innate Abilities, Weirdness & Mutations

You are partially covered in slimy green scales. (AC +2)
You have supernaturally acute eyesight. (SInv)
Your body sometimes deteriorates upon taking damage.
You are dopey. (Int -2)
You evolve.


Message History

The six-headed hydra bites you but does no damage.
You block the six-headed hydra's attack.
The six-headed hydra bites you. The six-headed hydra bites you!
The six-headed hydra completely misses you.
You block the six-headed hydra's attack.
The dream sheep barely misses you.
The dream sheep shake their wool and sparkle.
You feel drowsy...
You fall asleep.
The blink frog blinks!
The dream sheep bites you but does no damage.
The six-headed hydra bites you!!!
You wake up.
* * * LOW HITPOINT WARNING * * *
The six-headed hydra bites you.
* * * LOW HITPOINT WARNING * * *
You block the six-headed hydra's attack.
The six-headed hydra bites you but does no damage.
The six-headed hydra bites you!
* * * LOW HITPOINT WARNING * * *
The six-headed hydra barely misses you. The dream sheep bites you!
You die...

......Y##.P...# .......###..PP#
?...........P## .......#.P..##
.......##..## #.##.####...## ##
#. #.#.ยง#.# ##.YY### ###FY@# .#
###...DF# ..# #.#....## ..
#....## .# #P...## .#### #...#.#
####### ....# ##...###
###...#.#### ....# ##....#
##.....^.##.#
....####.##...#####.....^.....###


You could see a six-headed hydra, 2 blink frogs and 3 dream sheep.

Vanquished Creatures
  3 hydras
  A two-headed ogre (D:9)
  A wolf spider zombie (D:8)
  A wolf spider (Lair:3)
  An ugly thing (D:11)
  2 black mambas
  A torpor snail (Lair:2)
  6 spiny frogs
  A kobold demonologist (D:11)
  A komodo dragon (Lair:2)
  A rime drake (Lair:2)
  2 trolls (D:11)
  2 hellwings (D:8)
  A tengu conjurer (D:10)
  Grinder (D:5)
  A polar bear (Lair:5)
  23 blink frogs
  7 dream sheep
  4 hippogriffs
  2 shadows (D:11)
  29 yaks
  Sigmund (D:5)
  A wyvern (D:8)
  A wraith (D:11)
  A basilisk (Lair:1)
  2 steam dragons (D:7)
  A hungry ghost (D:10)
  Grum (D:11)
  4 water moccasins
  8 porcupines
  6 orc warriors
  3 ice beasts
  3 phantoms
  2 black bears
  2 necrophages
  4 sky beasts
  7 ogres
  6 wolves
  5 centaurs
  An eye of draining (D:11)
  9 crocodiles
  Blork the orc (D:4)
  2 big kobolds (D:11)
  2 wyvern zombies
  18 bullfrogs
  A scorpion (D:6)
  12 killer bees
  2 electric eels (Lair:1)
  3 howler monkeys
  8 wights
  8 crimson imps
  4 centaur zombies
  2 bullfrog zombies
  2 gnoll shamans
  7 hounds
  2 jellies
  4 quasits
  3 centaur skeletons
  8 orc priests
  13 orc wizards
  A bullfrog skeleton (D:11)
  4 iguanas
  Terence (D:2)
  5 worker ants
  2 worker ant zombies
  18 gnolls
  A howler monkey zombie (D:10)
  8 adders
  A howler monkey skeleton (D:9)
  10 shadow imps
  An adder skeleton (D:5)
  2 adder zombies
  5 dart slugs
  A leopard gecko (D:9)
  62 orcs
  6 giant cockroaches
  10 goblins
  3 hobgoblins
  15 jackals
  8 kobolds
  5 quokkas
  2 ball pythons (D:4)
  5 bats
  4 frilled lizards
  A leopard gecko zombie (D:5)
  7 rats
  2 fungi
451 creatures vanquished.

Vanquished Creatures (others)
  8 fungi
  5 plants
  4 withered plants (D:8)
17 creatures vanquished.

Grand Total: 468 creatures vanquished

Notes
Turn   | Place    | Note
-------+----------+-------------------------------------------
     0 | D:1      | Delamore the Hill Orc Fighter began the quest for the Orb.
     0 | D:1      | Reached XP level 1. HP: 19/19 MP: 1/1
    30 | D:1      | Reached skill level 3 in Axes
    90 | D:1      | Reached XP level 2. HP: 22/26 MP: 2/2
   129 | D:1      | Reached skill level 4 in Axes
   404 | D:1      | Reached XP level 3. HP: 31/31 MP: 3/3
   624 | D:2      | Reached skill level 5 in Axes
   638 | D:2      | Reached XP level 4. HP: 38/39 MP: 4/4
  1031 | D:2      | Noticed Terence
  1073 | D:2      | Killed Terence
  1073 | D:2      | Reached skill level 6 in Axes
  1505 | D:3      | Found a sparkling altar of Nemelex Xobeh.
  1530 | D:3      | Found a radiant altar of Vehumet.
  1694 | D:3      | Found a snail-covered altar of Cheibriados.
  2029 | D:3      | Reached XP level 5. HP: 45/45 MP: 5/5
  2034 | D:3      | Found a sacrificial altar of Ru.
  2139 | D:4      | Found a staircase to the Ecumenical Temple.
  2168 | Temple   | Entered the Ecumenical Temple
  2362 | D:4      | Noticed an ogre
  2366 | D:4      | Killed an ogre
  2366 | D:4      | Reached skill level 7 in Axes
  2564 | D:4      | Found Zaczazid's Weapon Emporium.
  2600 | D:4      | Found a shimmering blue altar of Sif Muna.
  2650 | D:4      | Noticed Blork the orc
  2663 | D:4      | Killed Blork the orc
  2663 | D:4      | Reached skill level 8 in Axes
  2663 | D:4      | Reached XP level 6. HP: 44/51 MP: 6/6
  2866 | D:5      | Entered Level 5 of the Dungeon
  2869 | D:5      | Noticed Grinder
  2879 | D:5      | Killed Grinder
  2879 | D:5      | Reached skill level 9 in Axes
  2879 | D:5      | Reached XP level 7. HP: 42/57 MP: 7/7
  2989 | D:5      | Reached skill level 10 in Axes
  3163 | D:5      | Found a glowing silver altar of Zin.
  3255 | D:5      | Got a pair of slimy gloves
  3261 | D:5      | Identified the +1 pair of gloves "Laluriush" {+Blink} (You
                  | found it on level 5 of the Dungeon)
  3280 | D:5      | Gained mutation: You have supernaturally acute eyesight.
                  | (SInv) [potion of mutation]
  3280 | D:5      | Gained mutation: You evolve. [potion of mutation]
  3460 | D:5      | Reached skill level 11 in Axes
  3538 | D:5      | Reached XP level 8. HP: 46/64 MP: 8/8
  3653 | D:5      | Noticed Sigmund
  3657 | D:5      | Killed Sigmund
  3657 | D:5      | Reached skill level 12 in Axes
  4388 | D:6      | Reached skill level 13 in Axes
  4397 | D:6      | Got a faintly glowing whip
  4403 | D:6      | Identified the +8 whip "Odengiv" {venom, MP-9 Dex+4} (You
                  | found it on level 6 of the Dungeon)
  4742 | D:6      | Found Suomm's Assorted Antiques.
  4753 | D:6      | Bought 2 scrolls labeled OMIVUA FEOL for 34 gold pieces
  4753 | D:6      | Bought a scroll labeled RUTHRE RETAQO for 17 gold pieces
  4753 | D:6      | Bought a grey potion for 15 gold pieces
  4753 | D:6      | Bought a scroll labeled OMIVUA FEOL for 17 gold pieces
  4775 | D:6      | Reached skill level 14 in Axes
  4775 | D:6      | Reached XP level 9. HP: 70/70 MP: 0/9
  4854 | D:6      | Found an ancient bone altar of Kikubaaqudgha.
  5254 | D:7      | Found a runed translucent gate.
  5254 | D:7      | Found a runed translucent gate.
  5254 | D:7      | Found a runed translucent gate.
  5254 | D:7      | Noticed losten's ghost (amateur DsBe)
  5306 | D:7      | Found a hide-covered altar of Uskayaw.
  5456 | D:7      | Found a bloodstained altar of Trog.
  5784 | D:8      | Reached skill level 15 in Axes
  5834 | D:7      | HP: 3/70 [porcupine's spines (2)]
  6220 | D:7      | Reached skill level 16 in Axes
  6509 | D:8      | Found a staircase to the Lair.
  6605 | D:8      | Reached XP level 10. HP: 51/77 MP: 1/10
  6832 | D:8      | Found a glowing golden altar of the Shining One.
  6866 | D:8      | Reached skill level 17 in Axes
  7499 | D:8      | Reached skill level 5 in Fighting
  8293 | D:8      | You fall into a shaft and drop 3 floors!
  8313 | D:10     | Entered Level 10 of the Dungeon
  8369 | D:11     | Reached skill level 18 in Axes
  8454 | D:10     | Gained mutation: You are dopey. (Int -2) [evolution]
  8607 | D:9      | Noticed a two-headed ogre
  8631 | D:9      | Killed a two-headed ogre
  8631 | D:9      | Reached XP level 11. HP: 38/94 MP: 2/11
  9316 | D:9      | Found an opulent altar of Gozag.
  9316 | D:9      | Found an iron altar of Okawaru.
  9326 | D:9      | Became a worshipper of Warmaster Okawaru
 10520 | D:10     | Reached * piety under Okawaru
 10555 | D:10     | Found Zewetao's Antique Weapon Boutique.
 10706 | D:10     | Reached skill level 19 in Axes
 10966 | D:10     | Reached skill level 10 in Fighting
 11231 | D:11     | Reached ** piety under Okawaru
 11324 | D:11     | Noticed Grum
 11340 | D:11     | Killed Grum
 11853 | D:11     | Found a staircase to the Orcish Mines.
 12021 | D:11     | Noticed an unseen horror
 12075 | D:11     | Reached *** piety under Okawaru
 12457 | D:11     | Reached XP level 12. HP: 107/110 MP: 3/12
 12979 | Lair:1   | Entered Level 1 of the Lair of Beasts
 13105 | Lair:1   | Reached **** piety under Okawaru
 13176 | Lair:1   | Reached skill level 20 in Axes
 13951 | Lair:1   | Noticed a seven-headed hydra
 13962 | Lair:1   | Killed a seven-headed hydra
 14418 | Lair:1   | Gained mutation: You are partially covered in slimy green
                  | scales. (AC +2) [evolution]
 15110 | Lair:2   | Reached ***** piety under Okawaru
 15435 | Lair:2   | Noticed an eight-headed hydra
 15445 | Lair:2   | Killed an eight-headed hydra
 15565 | Lair:2   | Reached skill level 5 in Armour
 15752 | Lair:2   | Noticed a seven-headed hydra
 15762 | Lair:2   | Killed a seven-headed hydra
 15762 | Lair:2   | Reached XP level 13. HP: 98/123 MP: 4/13
 15891 | Lair:2   | Gained mutation: Your body sometimes deteriorates upon
                  | taking damage. [evolution]
 16604 | Lair:3   | Received a gift from Okawaru
 17015 | Lair:3   | Found a staircase to the Shoals.
 17052 | Lair:3   | Found a hole to the Spider Nest.
 17653 | Lair:4   | Reached ****** piety under Okawaru
 19429 | Lair:5   | Reached skill level 15 in Fighting
 19680 | Lair:5   | HP: 2/126 [six-headed hydra (12)]
 19680 | Lair:5   | Slain by a dream sheep

Levels and vault maps discovered:
D:1:      tarquinn_simple_flora_water_a, layout_rooms
D:2:      layout_loops_ring, uniq_terence
D:3:      layout_loops_cross, vehumet_crystals, kennysheep_slug_shrine,
          lemuel_round_altar, nemelex_xobeh_ov_fountains_minmay
D:4:      layout_rooms, led_sif_pool, temple_pool_b, serial_shops, shop,
          first_ration, uniq_blork_the_orc
D:5:      layout_basic, zin_academy, uniq_sigmund, uniq_grinder
D:6:      layout_gridville, lemuel_doored_altar, serial_shops, shop,
          minmay_statues_item
D:7:      layout_basic, old_standard_altar, lemuel_coloured_pillars_altar,
          gammafunk_ghost_nasty_kobolds
D:8:      cheibrodos_grave_circle, layout_basic, nicolae_tso_swordbearing_angel,
          due_lair_maze_entry_diamond
D:9:      cheibrodos_fzero, layout_loops_ring, gammafunk_temple_overflow_pools,
          enter_bailey_7
D:10:     layout_small_grid, serial_shops, shop, grunt_tengu_nest
D:11:     layout_loops_ring, hiddenorc2_lemuel, uniq_grum
Temple:   kb_corrupted_temple
Lair:1:   layout_roguey, grunt_megastairs_1, serial_bayou_shore_a
Lair:2:   layout_chaotic_city, grunt_megastairs_4, serial_bayou_shore_b
Lair:3:   layout_gridlike, shoals_dummy_entry, spider_nest_entry_rubble
Lair:4:   layout_cave_pods, grunt_megastairs_3, infiniplex_staircase_pool_2
Lair:5:   layout_cave_pods, minmay_holes

Skill      XL: |  1  2  3  4  5  6  7  8  9 10 11 12 13 |
---------------+----------------------------------------+-----
Axes           | 3 4 5 6 8 9 11 14 16 18 19 20 | 20.6
Fighting       | 7 11 13 15 | 15.1
Armour         | 5 8 |  8.7
Shields        | |  3.2

Action                   |  1- 3 |  4- 6 |  7- 9 | 10-12 | 13-15 || total
-------------------------+-------+-------+-------+-------+-------++-------
Melee: War axe           |    78 |   151 |   151 |       |       ||   380
       Whip              |       |       |   201 |  1088 |   337 ||  1626
Throw: Dart              |       |       |       |    14 |       ||    14
Invok: Heroism           |       |       |       |     2 |       ||     2
Evoke: Wand              |       |       |     1 |     5 |       ||     6
  Use: Scroll            |       |       |    14 |     2 |     1 ||    17
       Potion            |       |       |     1 |     3 |     2 ||     6
  Eat: Chunk             |       |     7 |    12 |    18 |     9 ||    46
       Ration            |       |       |       |     4 |     1 ||     5
Armor: Scale mail        |    52 |    32 |       |       |       ||    84
       Chain mail        |       |    39 |   168 |   454 |   116 ||   777
Dodge: Dodged            |    36 |    39 |    56 |   187 |    51 ||   369
Block: Shield            |    49 |    51 |   137 |   422 |   223 ||   882
